 Dungeon Crawl Stone Soup version 0.29-a0-557-g43b9904bd1 (webtiles) character file.

Game seed: 15101985900289521762

410 DocClef the Covert (level 6, -1/53 HPs)
             Began as a Gnoll Delver on June 8, 2022.
             Slain by an orc priest
             ... wielding a +0 mace
              (6 damage)
             ... on level 4 of the Dungeon.
             The game lasted 00:00:28 (512 turns).

DocClef the Covert (Gnoll Delver)                    Turns: 512, Time: 00:00:29

Health: -1/53      AC:  3    Str: 11    XL:     6   Next: 89%
Magic:  9/9        EV: 13    Int: 10    God:
Gold:   0          SH:  0    Dex: 15    Spells: 9/9 levels left

rFire   . . .      SeeInvis .   a - +0 short sword
rCold   . . .      Faith    .   (no shield)
rNeg    . . .      Spirit   .   b - +0 leather armour
rPois   .          Reflect  .   (no helmet)
rElec   .          Harm     .   (no cloak)
rCorr   .          Rampage  .   (no gloves)
Will    .....                   (no boots)
Stlth   ++++......              (no amulet)
HPRegen 0.17/turn               (no ring)
MPRegen 0.11/turn               (no ring)

@: no status effects
A: fangs 1, strong nose, distributed training
a: no special abilities


You were on level 4 of the Dungeon.
You visited 1 branch of the dungeon, and saw 2 of its levels.

Inventory:

Hand Weapons
 a - a +0 short sword (weapon)
Armour
 b - a +0 leather armour (worn)
Jewellery
 h - the ring of Insomnia {rC- rCorr Int+6 Dex+2 SInv}
   (You found it on level 5 of the Dungeon)

   [ring of resist corrosion]

   Int:       It affects your intelligence (+6).
   Dex:       It affects your dexterity (+2).
   rC:        It makes you vulnerable to cold.
   SInv:      It lets you see invisible.
   rCorr:     It protects you from acid and corrosion.
Wands
 g - a wand of digging (3)
Scrolls
 c - a scroll of fog
 d - 2 scrolls of magic mapping
 e - 2 scrolls of fear
 i - a scroll of teleportation {unknown}
Potions
 f - a potion of haste


   Skills:
 + Level 6.9 Fighting
 + Level 5.1 Short Blades
 + Level 2.1 Long Blades
 + Level 2.1 Axes
 + Level 2.1 Maces & Flails
 + Level 2.1 Polearms
 + Level 2.1 Staves
 + Level 2.1 Slings
 + Level 2.1 Bows
 + Level 2.1 Crossbows
 + Level 2.1 Throwing
 + Level 2.1 Armour
 + Level 5.1 Dodging
 + Level 9.8 Stealth
 + Level 2.1 Shields
 + Level 2.1 Unarmed Combat
 + Level 2.1 Spellcasting
 + Level 1.7 Conjurations
 + Level 1.7 Hexes
 + Level 1.7 Summonings
 + Level 1.7 Necromancy
 + Level 1.7 Translocations
 + Level 1.7 Transmutations
 + Level 1.7 Fire Magic
 + Level 1.7 Ice Magic
 + Level 1.7 Air Magic
 + Level 1.7 Earth Magic
 + Level 1.7 Poison Magic
 + Level 2.4 Invocations
 + Level 2.1 Evocations


You had 9 spell levels left.
You didn't know any spells.
Your spell library contained the following spells:

 Spells                   Type           Power      Damage    Failure   Level
 Sting                    Tmut/Pois      16%        1d3       21%         1
 Poisonous Vapours        Pois/Air       8%         N/A       30%         2
 Dazzling Flash           Conj/Hex       8%         N/A       52%         3
 Iskenderun's Mystic Bla  Conj/Tloc      4%         2d3       89%         4
 Olgreb's Toxic Radiance  Pois           4%         N/A       89%         4
 Starburst                Conj/Fire      2%         6d3       100%        6


Dungeon Overview and Level Annotations

Branches:
Dungeon (5/15)
 Temple: D:4-7

Altars:


Innate Abilities, Weirdness & Mutations

You have very sharp teeth.
Your uncanny sense of smell can sniff out nearby items.
Your experience applies equally to all skills.


Message History

The orc wizard attacks as you move away!
The orc wizard hits you with a +0 dagger.
The orc priest looks satisfied for a moment.
You are confused.
You're too confused to move!
The orc wizard hits you with a +0 dagger.
The orc wizard hits you with a +0 dagger.
The orc wizard attacks as you move away!
The orc wizard hits you with a +0 dagger.
The orc wizard casts a spell at you. The puff of flame hits you!
The orc priest invokes the aid of Beogh against you.
Beogh smites you!
You barely miss the orc wizard. The orc wizard completely misses you.
You miss the orc wizard. The orc priest hits you with a +0 mace.
You hear some strange, mumbled words.
A puff of flame appears from out of thin air!
The puff of flame hits you!
* * * LOW HITPOINT WARNING * * *
The orc wizard barely misses you.
You barely miss the orc wizard.
You feel less confused. The orc priest hits you with a +0 mace.
* * * LOW HITPOINT WARNING * * *
The orc wizard misses you.
The orc priest attacks as you move away!
The orc priest hits you with a +0 mace.
* * * LOW HITPOINT WARNING * * *
The orc wizard hits you with a +0 dagger.
* * * LOW HITPOINT WARNING * * *
The orc wizard attacks as you move away!
The orc wizard hits you with a +0 dagger.
* * * LOW HITPOINT WARNING * * *
The orc wizard attacks as you move away!
The orc wizard completely misses you.
The orc priest attacks as you move away!
The orc priest closely misses you.
The orc priest attacks as you move away!
The orc priest hits you with a +0 mace.
You die...

### #.####### #.......#
#### #.#####.# ..# #.#
#.#
########.#####.#####.####
#......#.##.............#
#.........#.............#
.......>@o{o............#
#.........#.............#
#.......................#
.................(......#
#.......................#
........................#
#...............####.####
.............##.# #.#
.....)....... .o#


You could see an orc priest and an orc wizard.

Vanquished Creatures
  A wyvern (D:5)
  An ogre (D:5)
  A phantom (D:4)
  A necrophage (D:5)
  A scorpion (D:5)
5 creatures vanquished.

Notes
Turn   | Place    | Note
-------+----------+-------------------------------------------
     0 | D:5      | Reached skill level 9 in Stealth
     0 | D:5      | DocClef the Gnoll Delver began the quest for the Orb.
     0 | D:5      | Reached XP level 1. HP: 23/23 MP: 1/1
    36 | D:5      | Noticed a scorpion
    37 | D:5      | Noticed a necrophage
    39 | D:5      | Killed a scorpion
    40 | D:5      | Reached skill level 1 in Long Blades
    40 | D:5      | Reached skill level 1 in Axes
    40 | D:5      | Reached skill level 1 in Maces & Flails
    40 | D:5      | Reached skill level 1 in Polearms
    40 | D:5      | Reached skill level 1 in Staves
    40 | D:5      | Reached skill level 1 in Slings
    40 | D:5      | Reached skill level 1 in Bows
    40 | D:5      | Reached skill level 1 in Crossbows
    40 | D:5      | Reached skill level 1 in Throwing
    40 | D:5      | Reached skill level 1 in Armour
    40 | D:5      | Reached skill level 1 in Shields
    40 | D:5      | Reached skill level 1 in Unarmed Combat
    40 | D:5      | Reached skill level 1 in Spellcasting
    40 | D:5      | Reached skill level 1 in Invocations
    40 | D:5      | Reached skill level 1 in Evocations
    40 | D:5      | Reached XP level 2. HP: 29/29 MP: 1/3
    40 | D:5      | Reached XP level 3. HP: 35/35 MP: 1/4
    40 | D:5      | Reached XP level 4. HP: 41/41 MP: 1/5
    57 | D:5      | Killed a necrophage
    58 | D:5      | Reached skill level 1 in Conjurations
    58 | D:5      | Reached skill level 1 in Hexes
    58 | D:5      | Reached skill level 1 in Summonings
    58 | D:5      | Reached skill level 1 in Necromancy
    58 | D:5      | Reached skill level 1 in Translocations
    58 | D:5      | Reached skill level 1 in Transmutations
    58 | D:5      | Reached skill level 1 in Fire Magic
    58 | D:5      | Reached skill level 1 in Ice Magic
    58 | D:5      | Reached skill level 1 in Air Magic
    58 | D:5      | Reached skill level 1 in Earth Magic
    58 | D:5      | Reached skill level 1 in Poison Magic
    58 | D:5      | Reached XP level 5. HP: 31/47 MP: 2/6
   177 | D:5      | Noticed a wyvern
   180 | D:5      | Killed a wyvern
   181 | D:5      | Reached XP level 6. HP: 53/53 MP: 6/8
   321 | D:5      | Reached skill level 5 in Short Blades
   321 | D:5      | Reached skill level 5 in Dodging
   365 | D:5      | Identified the ring of Insomnia {rC- rCorr Int+6 Dex+2
                  | SInv}
   370 | D:5      | Noticed a yak
   512 | D:4      | Slain by an orc priest

Illustrated notes

Levels and vault maps discovered:
D:4:      corexii_shack_village, layout_basic, general_overflow_altar,
          nicolae_qazlal_style_of_elements, minmay_temple_entry_mini_moons,
          nicolae_shop_gadgets, uniq_robin
D:5:      layout_basic, hex_medium, hangedman_decor_diamond_cutter

Skill      XL: |  1  2  3  4  5  6 |
---------------+-------------------+-----
Stealth        | |  9.8
Long Blades    | 1 2 |  2.1
Axes           | 1 2 |  2.1
Maces & Flails | 1 2 |  2.1
Polearms       | 1 2 |  2.1
Staves         | 1 2 |  2.1
Slings         | 1 2 |  2.1
Bows           | 1 2 |  2.1
Crossbows      | 1 2 |  2.1
Throwing       | 1 2 |  2.1
Armour         | 1 2 |  2.1
Shields        | 1 2 |  2.1
Unarmed Combat | 1 2 |  2.1
Spellcasting   | 1 2 |  2.1
Invocations    | 1 2 |  2.4
Evocations     | 1 2 |  2.1
Conjurations   | 1 |  1.7
Hexes          | 1 |  1.7
Summonings     | 1 |  1.7
Necromancy     | 1 |  1.7
Translocations | 1 |  1.7
Transmutations | 1 |  1.7
Fire Magic     | 1 |  1.7
Ice Magic      | 1 |  1.7
Air Magic      | 1 |  1.7
Earth Magic    | 1 |  1.7
Poison Magic   | 1 |  1.7
Short Blades   | 5 |  5.1
Dodging        | 5 |  5.1
Fighting       | |  6.9

Action                   |  1- 3 |  4- 6 || total
-------------------------+-------+-------++-------
Melee: Short sword       |     1 |    20 ||    21
       Bite              |       |     1 ||     1
 Stab: Sleeping          |     1 |     3 ||     4
Armor: Leather armour    |       |     2 ||     2
Dodge: Dodged            |       |    12 ||    12

Table legend: (Time is in decaauts)
 A = Elapsed time spent in this place.
 B = Non-inter-level travel time spent in this place.
 C = Inter-level travel time spent in this place.
 D = Time resting spent in this place.
 E = Time spent auto-exploring this place.
 F = Levels seen in this place.
 G = Mean time per level.
                   A        B        C        D        E       F      G
               +--------+--------+--------+--------+--------+-----+--------+
         Total |    508 |    447 |     61 |      0 |    355 |   2 |  254.0 |
       Dungeon |    508 |    447 |     61 |      0 |    355 |   2 |  254.0 |
               +--------+--------+--------+--------+--------+-----+--------+

Top non-repeatable levels by time:
     D:5: 460 daAuts
     D:4: 47 daAuts
